Cogmind - Beta 16 @@@ ROGUE MODE // 2025.11.07 @ 15:46:41 Player: Rocko1345 Result: Self-destructed Performance ------------- Evolutions (4) 2000 Regions Visited (5) 1000 Robots Destroyed (92) 460 Value Destroyed (3160) 3160 Prototype IDs (8) 160 Alien Tech Used (0) 0 Bonus (0) 0 TOTAL SCORE: 6780 Bonus ------- None Cogmind --------- Core Integrity 599/850 Matter 8/300 Energy 76/100 System Corruption 4% Temperature Cool (0) Movement Core (150) Ox2 Location -6/Factory Parts ------- > --- POWER (1) -------- (None) > --- PROPULSION (2) --- (None) > --- UTILITY (8) ------ High-capacity Storage Unit Gravity Neutralizer Machine Analyzer Visual Processing Unit Improved Signal Interpreter Advanced Targeting Computer Weapon Cycler > --- WEAPON (4) ------- (None) > --- INVENTORY (20) --- Heavy Ion Engine Subdweller Power Source Light Nuclear Core Light Fission Core Cooling System Humpback Gravity Neutralizer Transport Network Coupler Hacking Suite Dynamic Insulation System Recalibrator Recalibrator Battle Rifle Minigun Enhanced Autogun Remote Datajack Peak State ------------ > --- POWER ------------ Reinforced Deuterium Engine > --- PROPULSION ------- Medium Treads > --- UTILITY ---------- Improved Cooling System High-capacity Storage Unit Machine Analyzer Visual Processing Unit Improved Signal Interpreter Advanced Targeting Computer Weapon Cycler Layered Light Armor Plating > --- WEAPON ----------- Minigun Minigun Enhanced Autogun Enhanced Autogun > --- INVENTORY -------- Heavy Ion Engine Subdweller Power Source Light Nuclear Core Cooling System Humpback Gravity Neutralizer Gravity Neutralizer Transport Network Coupler Hacking Suite Dynamic Insulation System Recalibrator Recalibrator Battle Rifle Subdweller Machine Gun Rocket Launcher Rocket Launcher Remote Datajack [Rating: 51] Favorites ----------- Power Reinforced Deuterium Engine Engine Reinforced Deuterium Engine Propulsion Improved Treads Treads Improved Treads Leg Aluminum Leg Wheel Wheel Utility Machine Analyzer Device Weapon Cycler Storage High-capacity Storage Unit Processor Machine Analyzer Protection Layered Light Armor Plating Weapon Enhanced Autogun Energy Gun Particle Gun Energy Cannon Particle Cannon Ballistic Gun Enhanced Autogun Ballistic Cannon Mini Assault Cannon Launcher Rocket Launcher Build | -11 -10 -10 -8 -7 -6 ------- Run | Yrd Mat Sub Mat Fac Fac Slots Evolved 8 | . . . 4 2 2 Power . | . . . . . . Propulsion . | . . . . . . Utility 6 | . . . 2 2 2 Weapon 2 | . . . 2 . . Parts Attached 49 | 5 9 8 13 10 4 Power 7 | 1 1 2 2 1 . Engine 7 | 1 1 2 2 1 . Core . | . . . . . . Reactor . | . . . . . . Propulsion 11 | 2 2 2 2 2 1 Treads 7 | . 2 2 2 . 1 Leg 3 | 2 . . . 1 . Wheel 1 | . . . . 1 . Hover . | . . . . . . Flight . | . . . . . . Utility 13 | . 4 . 3 3 3 Device 5 | . 1 . . 1 3 Storage 1 | . 1 . . . . Processor 4 | . 1 . 2 1 . Hackware . | . . . . . . Protection 3 | . 1 . 1 1 . Artifact . | . . . . . . Weapon 18 | 2 2 4 6 4 . Energy Gun 2 | 1 1 . . . . Energy Cannon 1 | . . . 1 . . Ballistic Gun 12 | 1 1 3 5 2 . Ballistic Cannon 1 | . . . . 1 . Launcher 2 | . . 1 . 1 . Special Weapon . | . . . . . . Impact Weapon . | . . . . . . Slashing Weapon . | . . . . . . Piercing Weapon . | . . . . . . Special Melee Weapon . | . . . . . . Unidentified Prototypes 4 | . . . 2 1 1 Parts Lost 22 | . . 5 2 6 9 Power 2 | . . 1 . . 1 Propulsion 7 | . . 2 1 3 1 Utility 4 | . . . 1 1 2 Weapon 9 | . . 2 . 2 5 Highest Loss Streak 7 | . . 3 2 2 7 To Critical Strikes . | . . . . . . Average Backups 13 | 2 5 9 15 18 15 Power 2 | . . . 1 2 3 Propulsion 1 | 1 2 . 1 3 . Utility 5 | . 1 3 6 6 6 Weapon 4 | . 2 5 5 5 3 Tool/Special . | . . . . . . Unused Backups 19 | . 3 . 2 . 14 Power 2 | . . . . . 2 Propulsion 5 | . 2 . . . 3 Utility 9 | . . . 1 . 8 Weapon 2 | . 1 . 1 . . Tool/Special 1 | . . . . . 1 Average Slot Usage (%) 92 | . 97 95 89 91 91 Engine 8 | . 14 12 9 7 5 Treads 10 | . 21 26 15 3 1 Leg 2 | . 6 . . 2 4 Device 4 | . 6 . . 2 12 Storage 7 | . 4 14 9 7 6 Processor 22 | . 12 14 19 30 26 Protection 3 | . . . 1 4 5 Energy Gun 2 | . 14 1 . . . Ballistic Gun 26 | . 14 19 34 29 25 Peak Build Rating 51 | 5 14 16 36 43 51 Average Rating 31 | 3 11 14 27 40 46 On Entrance 18 | . 5 14 16 36 40 Avg Prop Armor Cover (%) . | . . . . . . Naked Turns . | . . . . . . Heaviest Build 75 | 6 50 51 71 71 75 Greatest Support 46 | 20 46 46 46 43 28 Greatest Overweight (x) 23 | . 1 2 2 23 7 Average Overweight (x) 2 | . . . 1 5 4 Largest Inventory Capacity 20 | 5 20 20 20 20 20 Average Capacity 18 | 5 10 20 20 20 20 Most Carried 20 | 3 10 14 20 20 19 Average Carried 14 | 2 5 9 16 19 16 Final Capacity 20 | 5 20 20 20 20 20 Final Carried 20 | 3 10 14 20 20 17 Class Distribution -------------------- 40% | Scavenger-Gunner 24% | Mutant 15% | Skirmisher 8% | Gunner 5% | Scavenger-Skirmisher 4% | Subdweller-Tank Dominant Class ---------------- Mutant | -10/Materials Mutant | -10/Subcaves Skirmisher | -8/Materials Scavenger-Gunner | -7/Factory Scavenger-Gunner | -6/Factory Resources | -11 -10 -10 -8 -7 -6 ----------- Run | Yrd Mat Sub Mat Fac Fac Matter Collected 2691 | 243 102 149 787 1049 361 Remotely . | . . . . . . Salvage Created 3847 | . 249 245 1306 1249 798 Parts 210 | . 14 16 69 58 53 Haulers Intercepted 7 | . . . 4 2 1 Recyclers Shooed 3 | . 1 . 2 . . Parts Field Recycled . | . . . . . . Retrieved Matter . | . . . . . . Parts Self-Destructed 12 | . . 12 . . . Prevented . | . . . . . . Parts Restored . | . . . . . . Kills | -11 -10 -10 -8 -7 -6 ------- Run | Yrd Mat Sub Mat Fac Fac Combat Hostiles Destroyed 69 | . 5 9 19 21 15 Guns 60 | . 5 3 19 21 12 AOE 9 | . . 6 . . 3 Classes Destroyed 16 | . 2 2 5 4 3 Worker 5 | . . . 3 1 1 Builder 1 | . . . . . 1 Hauler 7 | . . . 4 2 1 Recycler 4 | . . . 3 1 . Mechanic 2 | . 1 . 1 . . Operator 2 | . . . . 1 1 Watcher 2 | . . . 2 . . Swarmer 12 | . . 3 6 . 3 Grunt 35 | . 5 . 10 15 5 Brawler 2 | . . . . 2 . Duelist 2 | . . . . 2 . Sentry 4 | . . . 3 1 . Specialist 1 | . . . . . 1 Hunter 3 | . . . . . 3 Programmer 4 | . . . . 1 3 Subdweller 6 | . . 6 . . . Best Kill Streak 7 | . 2 4 7 4 4 Combat Bots Only 4 | . 2 4 4 4 3 Max Kills in Single Turn 3 | . 1 3 2 1 2 Gunslinging 1 | . . . 1 . . Exploded 3 | . . 3 . . 2 Melee . | . . . . . . Uniques/NPCs Destroyed . | . . . . . . Combat | -11 -10 -10 -8 -7 -6 -------- Run | Yrd Mat Sub Mat Fac Fac Hostile Shots Fired 367 | . 32 52 75 93 115 Missed 115 | . 12 23 22 26 32 Hits 252 | . 20 29 53 67 83 Melee 6 | . . . . 6 . Projectile 246 | . 20 29 53 61 83 AOE 2 | . . 2 . . . Critical Strikes 10 | . 2 1 . 3 4 Damage Taken 4076 | . 253 659 629 1086 1449 Core 673 | . 27 66 116 213 251 Absorbed by Shields . | . . . . . . Core Remaining (%) 77 | 100 . 62 78 69 . Volleys Fired 210 | . 26 21 64 65 34 Largest 4 | . 2 2 4 4 4 Hottest 105 | . 85 85 100 105 105 Shots Fired 694 | . 52 32 242 243 125 Gun 678 | . 52 26 242 238 120 Cannon . | . . . . . . Launcher 16 | . . 6 . 5 5 Special . | . . . . . . Kinetic 648 | . 26 22 242 238 120 Thermal 30 | . 26 4 . . . Explosive 16 | . . 6 . 5 5 Electromagnetic . | . . . . . . Robot Hit Streak 20 | . 6 11 17 20 11 Robot Miss Streak 8 | . 5 3 8 3 2 Penetration Max . | . . . . . . Secondary Targets 16 | . 2 . 6 6 2 Max Gunslinging Chain 2 | . 1 . 2 1 1 Shots Hit Robots 405 | . 24 23 119 150 89 Core Hits 211 | . 13 14 63 56 65 Critical Kills 2 | . . 1 . . 1 Critical Parts Destroyed 4 | . . . 1 2 1 Critical Strikes 6 | . . 1 1 2 2 Destroy 6 | . . 1 1 2 2 Melee Attacks . | . . . . . . Impact . | . . . . . . Slashing . | . . . . . . Piercing . | . . . . . . Sneak Attacks . | . . . . . . Combat Hostiles . | . . . . . . Follow-up Attacks . | . . . . . . Damage Inflicted 8321 | . 287 680 1924 2683 2747 Guns 6541 | . 287 221 1918 2664 1451 Cannons . | . . . . . . Explosions 1755 | . . 459 . . 1296 Melee . | . . . . . . Ramming 25 | . . . 6 19 . Kinetic 6317 | . 94 190 1918 2664 1451 Thermal 224 | . 193 31 . . . Explosive 1755 | . . 459 . . 1296 Electromagnetic . | . . . . . . Impact . | . . . . . . Slashing . | . . . . . . Piercing . | . . . . . . Highest Corruption 4 | . . . . 2 4 Average Corruption 2 | . . . . 1 2 Corruption Purged . | . . . . . . Corruption Blocked . | . . . . . . Effects 17 | . . . . 12 5 Message Errors 7 | . . . . 6 1 Matter Fused 4 | . . . . 2 2 Heat Flow Errors 2 | . . . . 1 1 Data Loss (minor) 3 | . . . . 3 . Misfires 1 | . . . . . 1 Overload Shots . | . . . . . . Overflow Damage 29 | . . 29 . . . Projectiles . | . . . . . . Explosions 29 | . . 29 . . . Melee . | . . . . . . Knockbacks . | . . . . . . Impact . | . . . . . . Kinetic . | . . . . . . Secondary . | . . . . . . Self-Inflicted Damage 52 | . . 8 . 11 33 Shots 4 | . . 1 . 2 1 Rammed 7 | . . . 1 6 . Targets Rammed 7 | . . . 1 6 . Kicked . | . . . . . . Crushed . | . . . . . . Highest Temperature 380 | . 84 3 300 380 157 Average Temperature 83 | . 32 3 66 119 41 Received Heat Transfer 1065 | . 183 150 171 459 102 Effects 3 | . . . 1 2 . Shutdowns 1 | . . . . 1 . Energy Bleed 1 | . . . . 1 . Matter Decay 1 | . . . 1 . . Siege Activations . | . . . . . . Martial Activations . | . . . . . . Shielding Activations . | . . . . . . Robots Disrupted . | . . . . . . Combat Hostiles . | . . . . . . Robots Corrupted . | . . . . . . Combat Hostiles . | . . . . . . Parts Fried . | . . . . . . Impact Corruptions . | . . . . . . Robots Melted . | . . . . . . Combat Hostiles . | . . . . . . Parts Melted 3 | . 1 2 . . . Heat Transferred 592 | . 518 74 . . . Parts Sabotaged . | . . . . . . Parts Stolen . | . . . . . . Parts Stripped . | . . . . . . Power Chain Reactions . | . . . . . . Alert | -11 -10 -10 -8 -7 -6 ------- Run | Yrd Mat Sub Mat Fac Fac Maximum Alert Level 1 | . . . . 1 . Low Security (%) 99 | 100 100 . 100 99 100 Level 1 . | . . . . . . Level 2 . | . . . . . . Level 3 . | . . . . . . Level 4 . | . . . . . . Level 5 . | . . . . . . High Security . | . . . . . . Max Security . | . . . . . . Peak Influence 206 | . 80 . 168 206 120 Initial 42 | . . . . 42 29 Average 65 | . 11 . 67 121 30 Influence Increases 1851 | . 135 70 647 602 397 Destroy 0b10 Robot/C 1260 | . 100 60 380 420 300 Destroy 0b10 Robot/NC 115 | . 5 . 65 25 20 Destroy Leader 278 | . 30 10 92 84 62 Successful Hack 65 | . . . 44 9 12 Disable Machine 75 | . . . 60 15 . Destroy Structure 28 | . . . 6 19 3 Lose Combat Pursuer 30 | . . . . 30 . Influence Decreases 1763 | . 135 70 554 635 369 Entered New Map 82 | . . . . 51 31 Time Decay 1491 | . 135 50 534 524 248 Lost Part 190 | . . 20 20 60 90 Squads Dispatched 17 | . 1 . 1 10 5 Investigation 4 | . 1 . . 2 1 Extermination 4 | . . . . 2 2 Reinforcement 4 | . . . 1 2 1 Assault . | . . . . . . Garrison 5 | . . . . 4 1 Intercept . | . . . . . . Searches Triggered . | . . . . . . Construction Impeded . | . . . . . . Haulers Reinforced 2 | . . . . 1 1 Active Scanning Responses . | . . . . . . Cargo Convoy Interrupts 1 | . . . . . 1 Stealth | -11 -10 -10 -8 -7 -6 --------- Run | Yrd Mat Sub Mat Fac Fac Distress Signals 2 | . . . 1 1 . Communications Jammed . | . . . . . . Distress Signals . | . . . . . . Times Spotted 93 | . 9 9 24 24 27 Peak Tracking Total 13 | . 2 4 4 4 13 Tactical Retreats 1 | . . . . 1 . Traps | -11 -10 -10 -8 -7 -6 ------- Run | Yrd Mat Sub Mat Fac Fac Traps Triggered 3 | . 1 . . 1 1 Indirectly . | . . . . . . Trap Hack Attempts . | . . . . . . Triggered . | . . . . . . Disarmed . | . . . . . . Reprogrammed . | . . . . . . Reused . | . . . . . . Traps Extracted . | . . . . . . Installed . | . . . . . . Triggered . | . . . . . . Machines | -11 -10 -10 -8 -7 -6 ---------- Run | Yrd Mat Sub Mat Fac Fac Machines Disabled 5 | . . . 4 1 . Max in Single Turn 2 | . . . 2 1 . Garrison Access 2 | . . . 1 1 . Machines Repaired . | . . . . . . Machines Dismantled . | . . . . . . Machines Sabotaged . | . . . . . . Overloaded Fab Kills . | . . . . . . Hacking | -11 -10 -10 -8 -7 -6 --------- Run | Yrd Mat Sub Mat Fac Fac Machines Accessed 20 | . . . 10 7 3 Terminals 11 | . . . 7 4 . Fabricators . | . . . . . . Repair Stations . | . . . . . . Recycling Units . | . . . . . . Scanalyzers 5 | . . . 2 1 2 Garrison Access 4 | . . . 1 2 1 Total Hacks 57 | . . . 35 16 6 Successful 28 | . . . 17 8 3 Failed 28 | . . . 17 8 3 Catastrophic 5 | . . . . 3 2 Database Lockouts 1 | . . . 1 . . Manual 19 | . . . 15 4 . Terminals 36 | . . . 25 11 . Fabricators . | . . . . . . Repair Stations . | . . . . . . Recycling Units . | . . . . . . Scanalyzers 12 | . . . 6 2 4 Garrison Access 9 | . . . 4 3 2 Terminal Hacks 14 | . . . 9 5 . Robot Analysis 1 | . . . 1 . . Prototype ID Bank 1 | . . . . 1 . Branch Access Points 1 | . . . 1 . . Emergency Access Points 1 | . . . 1 . . Terminal Index 2 | . . . 1 1 . Recycling Unit Index 1 | . . . 1 . . Locate Traps 3 | . . . 2 1 . Dispatch Records 1 | . . . 1 . . Hauler Manifests 1 | . . . . 1 . Zone Layout 2 | . . . 1 1 . Fabricator Hacks . | . . . . . . Repair Station Hacks . | . . . . . . Recycling Unit Hacks . | . . . . . . Scanalyzer 6 | . . . 3 . 3 Insert Component 1 | . . . . . 1 Retrieve Study 5 | . . . 3 . 2 Garrison Access Hacks 2 | . . . 1 1 . Seal Access 2 | . . . 1 1 . Unauthorized Hacks 6 | . . . 4 2 . Terminals 6 | . . . 4 2 . Botnet 5 | . . . 3 2 . Operators 1 | . . . 1 . . Fabricators . | . . . . . . Repair Stations . | . . . . . . Recycling Units . | . . . . . . Scanalyzers . | . . . . . . Garrison Access . | . . . . . . Data Cores Recovered 1 | . . . . 1 . Used 1 | . . . . 1 . Hacking Detections 17 | . . . 9 5 3 Full Trace Events 3 | . . . . 2 1 Feedback Events . | . . . . . . Feedback Blocked . | . . . . . . Robot Schematics Acquired . | . . . . . . Robots Built . | . . . . . . Authchips . | . . . . . . Time . | . . . . . . Total Robot Build Rating . | . . . . . . Part Schematics Acquired . | . . . . . . Parts Built . | . . . . . . Authchips . | . . . . . . Time . | . . . . . . Total Part Build Rating . | . . . . . . Part Studies Acquired 5 | . . . 3 . 2 Parts Repaired . | . . . . . . Time . | . . . . . . Parts Recycled . | . . . . . . Recycled Matter . | . . . . . . Retrieved Matter . | . . . . . . Retrieved Components . | . . . . . . Parts Scanalyzed . | . . . . . . Part Schematics Acquired . | . . . . . . Parts Damaged . | . . . . . . Bothacking | -11 -10 -10 -8 -7 -6 ------------ Run | Yrd Mat Sub Mat Fac Fac Used RIF Installer . | . . . . . . Robots Hacked . | . . . . . . Non-combat . | . . . . . . Combat . | . . . . . . Robot Hacks Applied . | . . . . . . Relay Couplers Released . | . . . . . . Fabnet Peak Effective % . | . . . . . . Robots Rewired . | . . . . . . Allies Hacked . | . . . . . . Hacks Repelled . | . . . . . . Allies | -11 -10 -10 -8 -7 -6 -------- Run | Yrd Mat Sub Mat Fac Fac Total Allies . | . . . . . . Largest Group . | . . . . . . Highest-Rated Group . | . . . . . . Highest-Rated Ally . | . . . . . . Total Orders . | . . . . . . Ally Attacks . | . . . . . . Total Damage . | . . . . . . Kills . | . . . . . . Allies Corrupted . | . . . . . . Allies Melted . | . . . . . . Intel | -11 -10 -10 -8 -7 -6 ------- Run | Yrd Mat Sub Mat Fac Fac Active Infowar (turns) 5641 | . 836 374 1544 1672 1215 Optics 3869 | . . . 982 1672 1215 Machine Analysis 5641 | . 836 374 1544 1672 1215 Robot Analysis Total 1 | . . . 1 . . Derelict Logs Recovered . | . . . . . . Drone Launches . | . . . . . . Drone Recoveries . | . . . . . . Exploration | -11 -10 -10 -8 -7 -6 ------------- Run | Yrd Mat Sub Mat Fac Fac Turns Passed 5822 | 111 906 374 1544 1672 1215 Spaces Moved 1916 | 86 456 133 519 496 226 Core 17 | 3 . . . 14 . Treads 1244 | . 314 133 519 180 98 Legs 438 | 83 142 . . 85 128 Wheels 217 | . . . . 217 . Hover . | . . . . . . Flight . | . . . . . . Fastest Speed 50 | 50 120 160 200 170 320 Average Speed 263 | 117 170 233 253 293 479 Slowest Speed 1200 | 120 240 320 320 1200 610 Overloaded Moves . | . . . . . . Propulsion Burnouts . | . . . . . . Robots Hopped . | . . . . . . Potential Cave-ins . | . . . . . . Cave-ins Triggered . | . . . . . . Exploration Rate (%) 21 | 4 38 13 54 15 6 Regions Visited 5 Branch Regions 1 Pre-discovered Areas . | . . . . . . Known Exits Taken 2 | . . . 1 1 . Unknown Exits Taken 3 | 1 1 1 . . . Scrap Searched . | . . . . . . Spaces Dug . | . . . . . . Terrain Destroyed 74 | . . 23 5 42 4 Melee . | . . . . . . Projectile 5 | . . . 5 . . AOE 69 | . . 23 . 42 4 Terrain Rammed . | . . . . . . Walls Destroyed . | . . . . . . Machines Disabled . | . . . . . . Actions | -11 -10 -10 -8 -7 -6 --------- Run | Yrd Mat Sub Mat Fac Fac Total 2393 | 94 541 164 641 630 323 Wait 146 | . 36 . 25 37 48 Move 1911 | 85 455 132 518 495 226 Hop . | . . . . . . Pick Up 36 | 4 10 2 12 4 4 Fast Attach 18 | 4 2 3 4 4 1 Attach 14 | 1 . 2 2 5 4 Detach . | . . . . . . Swap 26 | . 7 4 8 5 2 Drop 17 | . 5 . 7 1 4 Fire 210 | . 26 21 64 65 34 Melee . | . . . . . . Ram . | . . . . . . Kick . | . . . . . . Crush 7 | . . . 1 6 . Escape Stasis 8 | . . . . 8 . Rewire . | . . . . . . Trap . | . . . . . . Miscellaneous . | . . . . . . Route ------- -11/Scrapyard -10/Materials (discovered 2 exits: [*Min] / [*Sub]) -10/Subcaves -8/Materials (discovered 2 exits: *Fac / Sto) -7/Factory -6/Factory History --------- Turn | Location | Event 4 | -11/Scrapyard | Discovered new exit (range 15) 112 | -11/Scrapyard | Entered Materials 266 | -10/Materials | Discovered new exit (range 15) 314 | -10/Materials | Build established: Mutant 966 | -10/Materials | Discovered new exit (range 12) 1018 | -10/Materials | Entered Subcaves 1019 | -10/Subcaves | Approached by a straggling Scientist 1023 | -10/Subcaves | Ambushed by Subdwellers from Twisted Machinery 1095 | -10/Subcaves | Lost 3 parts (1p1n1w) 1361 | -10/Subcaves | Discovered new exit (range 6) 1392 | -10/Subcaves | Entered Materials 1392 | -8/Materials | Evolved 4 slots: Utility x2, Weapon x2 2328 | -8/Materials | Identified exit to Storage 2506 | -8/Materials | Build established: Skirmisher 2865 | -8/Materials | Central database locked down 2902 | -8/Materials | Discovered new exit (range 17) 2934 | -8/Materials | Identified exit to Factory 2936 | -8/Materials | Entered Factory 2936 | -7/Factory | Evolved 2 slots: Utility x2 3109 | -7/Factory | Garrison activated, responded to threat 3577 | -7/Factory | Garrison activated, responded to threat 3820 | -7/Factory | Build established: Scavenger-Gunner 4098 | -7/Factory | Discovered new exit (range 11) 4602 | -7/Factory | Identified exit to Factory 4608 | -7/Factory | Entered another Factory area 4608 | -6/Factory | Evolved 2 slots: Utility x2 5811 | -6/Factory | Cargo convoy interrupted 5814 | -6/Factory | Garrison activated, responded to threat 5814 | -6/Factory | Spotted B-75 Beast 5823 | -6/Factory | Self-destructed Last Messages --------------- 05814_ Penetrated by Slug. 05814_ Slug penetrates Wall. 05814_ Rocket Launcher destroyed. 05815_ Penetrated by Slug. 05815_ Slug penetrates Wall. 05816_ Rnf. Deuterium Engine destroyed. 05816_ Penetrated by Slug. 05817_ Lyr. Light Armor Plating destroyed. 05818_ Penetrated by Slug. 05818_ Slug penetrates Wall. 05818_ H-66 Slayer destroyed. 05818_ P-60 Hacker destroyed. 05819_ K-01 Serf cleans the Power Conduit. 05820_ X-72 Disruptor destroyed. 05820_ Med. Treads destroyed. 05820_ Penetrated by Slug. 05821_ Imp. Cooling System destroyed. 05821_ Penetrated by Slug. 05821_ Rocket Launcher destroyed. 05822_ Identified Gravity Neutralizer. Map ----- +----------------------------------------------------+ | ?# # " " "^"%" ???"""? | | ?# # " " " " " ??"""? | | ?# # " " " " " ???"""? | | ?# + " " " " " #######??????? | | ?# # " " " " " #????????????? | | ?# # " " " " " #????????????? | | ?# # " " " " " #??????""""??? | | ?# # " " "^" " #??????""""??? | | ?########### " "k" " " #??????""""??? | | ???????????# #??????""""??? | | ???????????# ! +??????""""??? | | ???????????# #??????""""??? | | ?????######## #??????""""??? | | ?????# # #?"?"????????? | | ?????# """" # #### ###?"R"????????? | | ?????# """" # #??? #???"""????????? | | ?????# """" + #????? #??????????????? | | ?????# """" # #??????#??????????????? | | ?????# # #?????????????????????? | | ?????######## #?????????????????????? | | ????????????# #?????????????????????? | | ????????????# #?????????????????????? | | ????????????# #?????????????????????? | | ????????????# #?????????????????????? | | ????????????# ###???????????????????? | | ????????????# @ #???????????????????? | | ????????????# #???????????????????? | | ????????????# ##???????????????????? | | ???????????# ???????????????????? | | ???????????# ??????????????????? | | ???????????+ ?????????????????? | | ???????????# x ????????????????? | | ???????????# h #???????????????? | | ???????????# Ah [ ;;??????????????? | | ???????????# %%p! ;; ?????????????? | | ???????????# *ih #;BB????????????? | | ???????????# i i BB ?""""??????? | | ???????????# ?""F"??????? | | ???????????# """ """ """ ???????????? | | ???????????# """ """ """??????????????? | | ???????????# """^"""?"""??????????????? | | ???????????# ??? ?????????????????????? | | ????????????? ??? ?????????????????????? | | ???????????????????????????????????????? | | ???????????????????????????????????????? | | ???????????????????????????????????????? | | ???????????????????????????????????????? | | ???????????????????????????????????????? | | ???????????????????????????????????????? | | ???????????????????????????????????????? | +----------------------------------------------------+ Best States ------------- Heat Dissipation 64 Energy Generation 16 Energy Capacity 290 Matter Stores 300 Matter Capacity 300 Sight Range 18 Terrain Scan Density 10 Armor Coverage 800 Utility Shielding 33 Weapon Cycling 15 Evasion (%) 55 Targeting Accuracy 8 Recoil Reduction 6 Item Schematics ----------------- None Robot Schematics ------------------ None Fabricated ------------ Nothing Repaired ---------- Nothing Studied --------- Lgt. Assault Rifle | -8/Materials | Hacked Imp. Treads | -8/Materials | Hacked Lgt. Treads | -8/Materials | Hacked Minigun | -6/Factory | Hacked Aluminum Leg | -6/Factory | Hacked Alien Tech Used ----------------- None Achievements -------------- None Challenges ------------ None Game ------ Seed GuidanceMatterDriver Manual? 0 Play Time 00:35:40 Cumulative 239.7 hours Start 2025.11.07 @ 13:03:47 End 2025.11.07 @ 15:46:41 Sessions 3 Manual Loads 0 Difficulty Rogue Special Mode None Game No. 292 Rogue 118 Adventurer 174 Explorer 0 Win Type - Total 1 Types 1/0/0/0/0/0/0/0/0/0 Lore% 66 Gallery% 60 Achievement% 42 Wizard Run 0 Options --------- Layout 0 ASCII 0 Keyboard 1 Movement Numpad Keybinds 0 Fullscreen 1 Font 18/Terminus Map View 76x50 Zoom Use 0% Tactical HUD 1 Map Filters NONE Filters NONE Steam 1 RUN: fd5dc94c-28cc-4401-bdc8-4e896200cfca